 Dungeon Crawl Stone Soup version 0.25.0-3-gd7cc5688da (webtiles) character file.

Game seed: 7604821939133041290

1276 Froggeryz the Cleaver (level 8, -1/68 HPs)
             Began as a Deep Dwarf Fighter on June 15, 2020.
             Was a Follower of Makhleb.
             Slain by an orc warrior
             ... wielding a +0 halberd
              (10 damage)
             ... on level 6 of the Dungeon.
             The game lasted 00:07:39 (2461 turns).

Froggeryz the Cleaver (Deep Dwarf Fighter)          Turns: 2461, Time: 00:07:39

Health: -1/68      AC:  6    Str: 22    XL:     8   Next: 28%
Magic:  7/7        EV:  8    Int:  9    God:    Makhleb [*.....]
Gold:   176        SH: 11    Dex: 12    Spells: 7/7 levels left

rFire    . . .     SeeInvis .   a - +0 war axe
rCold    . . .     Gourm    .   c - +0 kite shield
rNeg     + . .     Faith    .   b - +0 scale mail
rPois    .         Spirit   .   (no helmet)
rElec    .         Reflect  .   (no cloak)
rCorr    .         Harm     .   (no gloves)
MR       +....                  (no boots)
Stlth    ..........             k - amulet of the acrobat
HPRegen  0.00/turn              j - ring of positive energy
MPRegen  0.10/turn              (no ring)

@: berserk cooldown, non-regenerating, slowed, very slow
A: damage resistance, heal wounds, sense surroundings 1, no regeneration
a: Heal Wounds, Renounce Religion


You were on level 6 of the Dungeon.
You worshipped Makhleb.
Makhleb was aware of your devotion.
You were not hungry.

You visited 2 branches of the dungeon, and saw 7 of its levels.
You also visited: Sewer.

You collected 176 gold pieces.

Inventory:

Hand Weapons
 a - a +0 war axe (weapon)
Missiles
 r - a curare-tipped dart (quivered)
Armour
 b - a +0 scale mail (worn)
 c - a +0 kite shield (worn)
Jewellery
 j - a ring of positive energy (left hand)
 k - an amulet of the acrobat (around neck)
Wands
 m - a wand of polymorph (4)
 q - a wand of paralysis (2)
Scrolls
 e - 2 scrolls of noise
 h - a scroll of remove curse
 l - 2 scrolls of teleportation
 p - a scroll of fear {unknown}
 s - 2 scrolls of identify
 t - a scroll of magic mapping {unknown}
Potions
 d - 3 potions of might
 n - a potion of lignification
 o - a potion of flight {unknown}
 v - a potion of degeneration {unknown}
Comestibles
 f - 5 rations


   Skills:
 - Level 2.6 Fighting
 * Level 9.3 Axes
 - Level 3.2 Armour
 + Level 7.1 Shields


You had 7 spell levels left.
You didn't know any spells.
Your spell library contained the following spells:

 Spells                   Type           Power        Failure   Level  Hunger
 Confusing Touch          Hex            #.......     100%        3    ####...
 Gell's Gravitas          Tloc           #.........   100%        3    ####...
 Petrify                  Tmut/Erth      #.......     100%        4    #####..
 Metabolic Englaciation   Hex/Ice        #.........   100%        5    ######.
 Yara's Violent Unravell  Hex/Tmut       #.........   100%        5    ######.


Dungeon Overview and Level Annotations

Branches:
Dungeon (6/15)             Temple (1/1) D:5           Sewer (visited)

Altars:
Ashenzari
Cheibriados
Dithmenos
Elyvilon
Fedhas
Hepliaklqana
Kikubaaqudgha
Makhleb
Nemelex Xobeh
Okawaru
Qazlal
Ru
Sif Muna
Trog
Uskayaw
Wu Jian
Xom
Yredelemnul


Innate Abilities, Weirdness & Mutations

You are resistant to damage.
You can heal yourself by infusing magical energy.
You passively map a small area around you.
You do not regenerate.


Message History

You barely miss the orc warrior.
The orc warrior is severely wounded.
The orc warrior hits you with a +0 halberd.
You closely miss the orc warrior.
The orc warrior is severely wounded.
You block the orc warrior's attack.
The orc warrior hits you with a +0 halberd.
You closely miss the orc warrior.
The orc warrior is severely wounded.
The orc warrior completely misses you.
You barely miss the orc warrior.
The orc warrior is severely wounded.
The orc warrior hits you with a +0 halberd.
* * * LOW HITPOINT WARNING * * *
You hit the orc warrior but do no damage.
The orc warrior is severely wounded.
The orc warrior hits you with a +0 halberd!
* * * LOW HITPOINT WARNING * * *
The orc warrior hits you with a +0 halberd!
You die...

###### #..).# ####### *
#....# ....... , #....#
....... #....#### *.......
#.......## .......
#.####...##########{o...%.
..#.(#........(†@oF{o.....,
#.#.(#._.##########.o....o
#)#..#...#### * * o......
)(####....... .F.....
#(..........., #......
####......... #.....,
##........ * *.....
#........ *#.##'* *
#........, * * *


You could see an orc warrior, a bullfrog and 3 orcs.

Vanquished Creatures
  Purgy (Sewer)
  An orc warrior (D:6)
  An ogre (D:6)
  A black bear (D:5)
  A centaur (D:6)
  A big kobold (D:6)
  A bullfrog (D:6)
  A howler monkey (D:6)
  A crimson imp (D:5)
  3 hounds (D:5)
  2 orc priests
  2 jellies (D:5)
  2 gnoll shamans (D:6)
  An orc wizard (D:6)
  Jessica (D:3)
  2 iguanas (D:6)
  3 worker ants
  A hound skeleton (D:6)
  3 gnolls (D:6)
  2 adders
  A river rat (D:5)
  A shadow imp (D:5)
  An adder zombie (D:5)
  5 worms
  6 leopard geckos
  7 orcs
  2 bats (D:1)
  6 giant cockroaches
  6 hobgoblins
  8 jackals
  6 kobolds
  A quokka (D:4)
  3 ball pythons
  9 frilled lizards
  10 goblins
  9 rats
112 creatures vanquished.

Notes
Turn   | Place    | Note
-------+----------+-------------------------------------------
     0 | D:1      | Froggeryz the Deep Dwarf Fighter began the quest for the
                  | Orb.
     0 | D:1      | Reached XP level 1. HP: 20/20 MP: 1/1
    31 | D:1      | Reached XP level 2. HP: 16/27 MP: 2/2
    73 | D:1      | Reached skill level 3 in Axes
   377 | D:2      | Reached XP level 3. HP: 30/33 MP: 2/2
   521 | D:3      | Noticed Jessica
   526 | D:3      | Killed Jessica
   526 | D:3      | Reached skill level 4 in Axes
   526 | D:3      | Reached XP level 4. HP: 34/40 MP: 3/3
   654 | D:4      | Reached XP level 5. HP: 24/46 MP: 4/4
   702 | D:4      | Reached skill level 5 in Axes
   739 | D:5      | Entered Level 5 of the Dungeon
   859 | D:5      | Found a glowing drain.
   879 | Sewer    | Entered a sewer
   993 | Sewer    | Noticed Purgy
  1008 | Sewer    | Killed Purgy
  1008 | Sewer    | Reached skill level 6 in Axes
  1008 | Sewer    | Reached skill level 5 in Shields
  1008 | Sewer    | Reached XP level 6. HP: 43/55 MP: 5/5
  1272 | D:5      | Found a stormy altar of Qazlal.
  1321 | D:5      | Found a staircase to the Ecumenical Temple.
  1331 | Temple   | Entered the Ecumenical Temple
  1374 | Temple   | Became a worshipper of Makhleb the Destroyer
  1421 | D:5      | Reached skill level 7 in Axes
  1421 | D:5      | Reached XP level 7. HP: 37/61 MP: 6/6
  1647 | D:5      | Found an iron altar of Okawaru.
  2049 | D:6      | Reached skill level 8 in Axes
  2368 | D:6      | Noticed a +0 hand axe
  2369 | D:6      | Found a hide-covered altar of Uskayaw.
  2369 | D:6      | Noticed a +0 hand axe
  2385 | D:6      | Reached XP level 8. HP: 59/68 MP: 7/7
  2429 | D:6      | Reached * piety under Makhleb
  2439 | D:6      | Reached skill level 9 in Axes
  2441 | D:6      | HP: 1/68 [orc warrior/+0 halberd (12)]
  2461 | D:6      | Slain by an orc warrior

Illustrated notes

Levels and vault maps discovered:
D:1:      lightli_arrival_lavapool, layout_rooms
D:2:      layout_rooms, chequers_ecumenical_altar_simple_redux
D:3:      layout_basic, overflow_temple_1_default, lemuel_round_altar,
          first_ration, minmay_gold_behind_fungi, uniq_jessica
D:4:      minmay_goblin_kobold_castle, layout_basic, grunt_gozag_breadcrumbs
D:5:      layout_loops_ring, old_standard_altar, kennysheep_okawaru_gauntlet,
          minmay_temple_entry_trees, gup_sewer_entry_bubbles
D:6:      layout_basic, dancing_weapons_uskayaw, minmay_bent
Temple:   regret_index_temple_waves

Skill      XL: |  1  2  3  4  5  6  7  8 |
---------------+-------------------------+-----
Axes           | 3 4 6 7 8 9 |  9.3
Shields        | 4 5 6 7 |  7.1
Fighting       | |  2.6
Armour         | |  3.2

Action                   |  1- 3 |  4- 6 |  7- 9 || total
-------------------------+-------+-------+-------++-------
Melee: War axe           |   107 |   192 |   127 ||   426
Throw: Dart              |       |       |     5 ||     5
 Abil: Heal Wounds       |     1 |     3 |     4 ||     8
Evoke: Wand              |       |       |     9 ||     9
  Use: Scroll            |       |     6 |       ||     6
       Potion            |       |     4 |     6 ||    10
 Stab: Paralysed         |       |       |     4 ||     4
  Eat: Chunk             |       |     3 |     3 ||     6
Armor: Scale mail        |    49 |    62 |    28 ||   139
Dodge: Dodged            |    53 |    64 |    35 ||   152
Block: Kite shield       |    65 |   108 |    66 ||   239
